 Dungeon Crawl Stone Soup version 0.26-a0-712-ga5a9c9c9d0 (webtiles) character file.

Game seed: 11805775310680560374

4706 kae the Martial Artist (level 10, -2/61 HPs)
             Began as an Octopode Transmuter on Nov 6, 2020.
             Was a Priest of Hepliaklqana.
             Slain by an orc wizard
             ... wielding a +0 glaive
              (8 damage)
             ... on level 10 of the Dungeon.
             The game lasted 00:08:00 (10061 turns).

kae the Martial Artist (Octopode Transmuter)       Turns: 10061, Time: 00:08:01

Health: -2/61      AC:  2    Str: 12    XL:     10   Next: 45%
Magic:  21/23      EV: 25    Int: 15    God:    Hepliaklqana [***...]
Gold:   402        SH:  0    Dex: 19    Spells: 7/15 levels left

rFire    . . .     SeeInvis .     - Unarmed
rCold    . . .     Faith    .   (shield currently unavailable)
rNeg     + . .     Spirit   .   (helmet currently unavailable)
rPois    x         Reflect  .   l - amulet of regeneration
rElec    .         Harm     .   c - ring of magical power
rCorr    .         Rampage  .   u - ring of positive energy
MR       .....                  (no ring)
Stlth    ++........             (no ring)
HPRegen  0.60/turn              (no ring)
MPRegen  0.18/turn              (no ring)
                                (no ring)
                                (no ring)

@: spider-form
A: tiny, almost no armour, stealthy swim, (amphibious), 8 rings, (constrict 8),
reduced essence
a: End Transformation, Recall Ancestor, Ancestor Identity, Transference,
Renounce Religion


You were on level 10 of the Dungeon.
You worshipped Hepliaklqana.
Hepliaklqana was most pleased with you.
You were a venomous arachnid creature.
You visited 2 branches of the dungeon, and saw 11 of its levels.

You collected 651 gold pieces.
You spent 249 gold pieces at shops.

Inventory:

Jewellery
 c - a ring of magical power (left front leg)
 l - an amulet of regeneration (around neck)
 o - an uncursed amulet of the acrobat
 u - a ring of positive energy (right front leg)
 y - an uncursed amulet of faith {unknown}
 A - an uncursed ring of ice {unknown}
Wands
 b - a wand of polymorph (7)
 f - a wand of paralysis (8)
 w - a wand of flame (21)
 z - a wand of digging (5)
Scrolls
 d - 2 scrolls of enchant weapon
 h - 4 scrolls of amnesia
 q - 5 scrolls of remove curse
 r - 5 scrolls of teleportation
 v - 2 scrolls of magic mapping
 x - a scroll of identify
Potions
 a - 4 potions of heal wounds
 e - 3 potions of might
 g - a potion of mutation
 i - 2 potions of curing
 j - a potion of resistance
 k - 3 potions of brilliance
 m - 4 potions of magic
 n - a potion of berserk rage
 p - 3 potions of stabbing {unknown}
 s - 3 potions of lignification {unknown}
 t - a potion of invisibility {unknown}


   Skills:
 + Level 5.9 Fighting
 + Level 6.1 Dodging
 * Level 9.0 Unarmed Combat
 - Level 3.0 Spellcasting
 * Level 8.7 Transmutations
 - Level 2.0 Ice Magic
 - Level 2.0 Poison Magic


You had 7 spell levels left.
You knew the following spells:

 Your Spells              Type           Power        Failure   Level
a - Beastly Appendage     Tmut           ####..       3%          1
b - Spider Form           Tmut/Pois      ###.......   19%         3
c - Ice Form              Ice/Tmut       ###.....     43%         4

Your spell library contained the following spells:

 Spells                   Type           Power        Failure   Level
 Wereblood                Tmut           ####....     4%          2
 Blade Hands              Tmut           ####......   34%         5
 Animate Skeleton         Necr           #.....       41%         1
 Apportation              Tloc           #.....       41%         1
 Corona                   Hex            #......      41%         1
 Pain                     Necr           #...         41%         1
 Summon Small Mammal      Summ           #...         41%         1


Dungeon Overview and Level Annotations

Branches:
Dungeon (10/15)            Temple (1/1) D:5            Lair (0/6) D:8
    Orc: D:9-12

Altars:
Ashenzari
Cheibriados
Dithmenos
Elyvilon
Fedhas
Gozag
Hepliaklqana
Kikubaaqudgha
Makhleb
Nemelex Xobeh
Okawaru
Qazlal
Ru
Sif Muna
Trog
Uskayaw
Vehumet
Wu Jian
Xom
Yredelemnul
Zin
The Shining One

Shops:
D:6 *


Innate Abilities, Weirdness & Mutations

You cannot wear most types of armour.
You are very stealthy in the water. (Stealth+)
((You are amphibious.))
You can wear up to eight rings at the same time.
((You can use your tentacles to constrict eight enemies at once.))
((Your skin changes colour to match your surroundings (Stealth+).))
((Your rubbery body absorbs attacks. (AC +1, EV +1)))
Your life essence is reduced to manifest your ancestor. (-10% HP)


Message History

You kill the ogre!
Your Unarmed Combat skill increases to level 9!
Something barely misses you.
Found a dagger.
You see here a +0 giant club.
You hit the orc warrior but do no damage.
The orc warrior is poisoned.
Something misses you.
The orc warrior hits you with a +2 vorpal flail!
You hit the orc warrior but do no damage.
The orc warrior looks as sick as possible!
Something barely misses you.
You hit the orc warrior but do no damage.
The orc warrior is lightly wounded.
Something hits you.
The orc warrior hits you with a +2 vorpal flail!!
* * * LOW HITPOINT WARNING * * *
x2 You barely miss the orc warrior.
The orc warrior is lightly wounded.
Something hits you!
You die...

### #. .# ..). #.#.. ....
#.#.# #..# ###.#.###
###..# ..# #)....<. ....#
..# ####.....# ... ..#
.......(.# #o# $.###
#...).##### #s## ....
####.........###R.##..#
...............#)#.#..##
((.............).......#
((######..####.#####..#.#
..######.# #... ..#
.........# ##### #.#
..######## #. ###


You could see the friendly Tlaloc the hexer and an orc warrior (extremely
poisoned).

Vanquished Creatures
  5 humans (D:8)
  A water moccasin (D:8)
  2 sky beasts
  A black bear (D:8)
  4 ice beasts
  A necrophage (D:9)
  2 orc warriors
  2 ogres
  5 bullfrogs (D:8)
  A gnoll sergeant (D:9)
  A wyvern skeleton (D:9)
  4 scorpions
  4 wights (D:9)
  3 howler monkeys (D:8)
  A crimson imp (D:8)
  A bullfrog zombie (D:8)
  A centaur zombie (D:8)
  8 orc priests
  4 hounds
  A bullfrog skeleton (D:6)
  2 centaur skeletons (D:8)
  4 orc wizards
  4 iguanas
  Natasha (thrice) (D:4)
  5 worker ants
  A hound zombie (D:7)
  A howler monkey zombie (D:6)
  5 gnolls
  11 adders
  2 shadow imps
  A white imp (D:8)
  2 ufetubi (D:5)
  2 oozes
  2 adder zombies
  3 worms
  3 dart slugs
  4 leopard geckos
  26 orcs
  5 ball pythons (D:4)
  2 giant cockroaches
  4 goblins
  5 hobgoblins
  15 jackals
  7 kobolds
  A quokka (D:4)
  7 bats
  5 frilled lizards
  A jackal skeleton (D:4)
  2 leopard gecko skeletons (D:8)
  2 quokka zombies
  9 rats
198 creatures vanquished.

Vanquished Creatures (collateral kills)
  Menkaure (D:7)
  A water moccasin (D:9)
  2 orc warriors (D:10)
  A centaur (D:5)
  A scorpion (D:6)
  A howler monkey (D:9)
  A worker ant zombie (D:5)
  A gnoll (D:9)
  2 orcs
  A jackal (D:7)
12 creatures vanquished.

Vanquished Creatures (others)
  An orc wizard (D:10)
  A hexer (D:8)
  7 fungi (D:8)
  12 plants (D:8)
21 creatures vanquished.

Grand Total: 231 creatures vanquished

Notes
Turn   | Place    | Note
-------+----------+-------------------------------------------
     0 | D:1      | kae the Octopode Transmuter began the quest for the Orb.
     0 | D:1      | Reached XP level 1. HP: 13/13 MP: 3/3
   260 | D:1      | Reached XP level 2. HP: 18/18 MP: 3/5
   571 | D:1      | Reached XP level 3. HP: 2/23 MP: 6/6
   874 | D:1      | Found a broken altar of Ashenzari.
   879 | D:1      | Learned a level 3 spell: Spider Form
  1767 | D:2      | Reached XP level 4. HP: 17/28 MP: 5/7
  2708 | D:3      | Found a sacrificial altar of Ru.
  2943 | D:3      | Found a sparkling altar of Nemelex Xobeh.
  2991 | D:4      | Found a hide-covered altar of Uskayaw.
  3010 | D:4      | Reached XP level 5. HP: 25/34 MP: 4/8
  3218 | D:4      | Reached skill level 4 in Unarmed Combat
  3687 | D:4      | Found a glowing silver altar of Zin.
  3691 | D:4      | Found a bloodstained altar of Trog.
  3919 | D:4      | Reached XP level 6. HP: 36/39 MP: 10/10
  4011 | D:4      | Noticed Natasha
  4022 | D:4      | Killed Natasha
  4213 | D:4      | Noticed Natasha
  4223 | D:4      | Killed Natasha
  4454 | D:4      | Noticed Natasha
  4461 | D:4      | Killed Natasha
  4513 | D:5      | Entered Level 5 of the Dungeon
  4591 | D:5      | Found a staircase to the Ecumenical Temple.
  4595 | D:5      | Noticed an ice beast
  4600 | Temple   | Entered the Ecumenical Temple
  4662 | Temple   | Became a worshipper of Hepliaklqana the Forgotten
  4804 | D:5      | Learned a level 4 spell: Ice Form
  4828 | D:5      | Noticed a sky beast
  4839 | D:5      | Killed a sky beast
  4839 | D:5      | Reached XP level 7. HP: 20/40 MP: 11/11
  4998 | D:5      | Reached skill level 5 in Unarmed Combat
  5241 | D:5      | Found an iron altar of Okawaru.
  5617 | D:5      | Reached * piety under Hepliaklqana
  5746 | D:5      | Reached skill level 5 in Transmutations
  5935 | D:6      | Reached XP level 8. HP: 34/46 MP: 12/12
  6259 | D:6      | Found an ornate altar of the Wu Jian Council.
  6460 | D:6      | Reached skill level 6 in Unarmed Combat
  6478 | D:6      | Found Otyivul's Assorted Antiques.
  6486 | D:6      | Bought 2 fizzy green potions for 52 gold pieces
  6486 | D:6      | Bought a metallic grey potion for 26 gold pieces
  6486 | D:6      | Bought a metallic grey potion for 26 gold pieces
  6486 | D:6      | Bought an agate ring for 145 gold pieces
  6542 | D:6      | Found a sparkling altar of Nemelex Xobeh.
  6695 | D:7      | Noticed Menkaure
  6703 | D:7      | Killed Menkaure
  6918 | D:7      | Reached ** piety under Hepliaklqana
  6919 | D:7      | Remembered your ancestor Tlaloc as a hexer
  7153 | D:7      | Found a hazy altar of Hepliaklqana.
  7251 | D:7      | Reached skill level 1 in Poison Magic
  7301 | D:7      | Reached skill level 1 in Ice Magic
  7636 | D:8      | Reached XP level 9. HP: 18/52 MP: 13/13
  7645 | D:8      | HP: 2/52 [something (5)]
  7789 | D:8      | Reached skill level 7 in Unarmed Combat
  7893 | D:8      | Found a staircase to the Lair.
  8088 | D:8      | Reached skill level 5 in Dodging
  8167 | D:8      | Reached skill level 5 in Fighting
  8427 | D:8      | Reached skill level 8 in Unarmed Combat
  8554 | D:8      | Found a shimmering altar of Xom.
  8554 | D:8      | Found a burning altar of Makhleb.
  8703 | D:8      | Reached XP level 10. HP: 48/59 MP: 14/14
  9166 | D:9      | Reached *** piety under Hepliaklqana
  9405 | D:9      | Found a radiant altar of Vehumet.
  9405 | D:9      | Found an ancient bone altar of Kikubaaqudgha.
  9412 | D:9      | Found a shimmering blue altar of Sif Muna.
  9417 | D:9      | Identified Kikubaaqudgha's Collected Works on Necromancy
  9463 | D:9      | Found an opulent altar of Gozag.
  9724 | D:10     | Entered Level 10 of the Dungeon
 10056 | D:10     | Reached skill level 9 in Unarmed Combat
 10061 | D:10     | Slain by an orc wizard

Illustrated notes

Levels and vault maps discovered:
D:1:      lemuel_arrival_room, layout_rooms, corexii_leaking_fountain,
          nicolae_ashenzari_panopticon
D:2:      layout_basic
D:3:      layout_rooms, nicolae_ru_sacrificial_ziggurat, serial_rivers,
          chequers_serial_rivers_micro_b, chequers_serial_rivers_room_b,
          chequers_serial_rivers_small_b, chequers_serial_rivers_small_b,
          chequers_serial_rivers_micro_b, grunt_decor_mini_mirrors,
          nemelex_diamond_rough_becter
D:4:      layout_loops_cross, eat_drink_and_be_merry_uskayaw,
          chequers_temple_overflow_statue_of_worship, grunt_decor_cap,
          minmay_snake_closets, uniq_natasha
D:5:      layout_basic, lemuel_doored_altar, minmay_temple_entry_wispy
D:6:      layout_loops_ring, nemelex_xobeh_ov_fountains_minmay,
          marbit_many_paths, serial_shops, nicolae_shop_overgrown_old_shop
D:7:      layout_gridville, basic_altar, uniq_menkaure
D:8:      layout_loops_ring, grunt_temple_overflow_champion_of_chaos,
          grunt_lair_entry_orc_guard_hut, minmay_ruffians
D:9:      layout_roguey, grunt_temple_overflow_magic_moments, basic_altar
D:10:     layout_loops_ring
Temple:   zaba_magenta_temple

Skill      XL: |  1  2  3  4  5  6  7  8  9 10 |
---------------+-------------------------------+-----
Transmutations | 3 4 5 6 8 |  8.7
Fighting       | 2 3 4 5 |  5.9
Unarmed Combat | 4 5 6 8 9 |  9.0
Dodging        | 3 4 5 6 |  6.1
Spellcasting   | 3 |  3.0
Poison Magic   | 1 2 |  2.0
Ice Magic      | 1 2 |  2.0

Action                   |  1- 3 |  4- 6 |  7- 9 | 10-12 || total
-------------------------+-------+-------+-------+-------++-------
Melee: Unarmed           |    86 |   137 |   274 |   135 ||   632
       Constrict         |    25 |    26 |    32 |     8 ||    91
       Tentacles         |    15 |     8 |    30 |     7 ||    60
       Kick              |    10 |    18 |    25 |     4 ||    57
       Punch             |     3 |     3 |     5 |     1 ||    12
 Cast: Beastly Appendage |    15 |    19 |    23 |     3 ||    60
       Spider Form       |       |     7 |    18 |    15 ||    40
Invok: Ancestor Life: He |       |       |     1 |       ||     1
  Use: Scroll            |     1 |    11 |     6 |     2 ||    20
       Potion            |       |       |     1 |       ||     1
 Stab: Sleeping          |     6 |     5 |     9 |     1 ||    21
       Distracted        |       |       |     3 |     2 ||     5
       Confused          |       |       |     1 |     3 ||     4
Armor: Skin              |     4 |    10 |     7 |     3 ||    24
Dodge: Dodged            |    62 |    88 |   155 |    95 ||   400

Table legend: (Time is in decaauts)
 A = Elapsed time spent in this place.
 B = Non-inter-level travel time spent in this place.
 C = Inter-level travel time spent in this place.
 D = Time resting spent in this place.
 E = Time spent auto-exploring this place.
 F = Levels seen in this place.
 G = Mean time per level.
                   A        B        C        D        E       F      G
               +--------+--------+--------+--------+--------+-----+--------+
         Total |   9998 |   9723 |    275 |    664 |   7544 |  11 |  908.9 |
       Dungeon |   9920 |   9659 |    261 |    664 |   7487 |  10 |  992.0 |
        Temple |     77 |     63 |     14 |      0 |     57 |   1 |   77.0 |
               +--------+--------+--------+--------+--------+-----+--------+

Top non-repeatable levels by time:
     D:4: 1547 daAuts
     D:1: 1290 daAuts
     D:8: 1265 daAuts
     D:5: 1239 daAuts
     D:2: 1040 daAuts
     D:9: 909 daAuts
     D:7: 870 daAuts
     D:6: 853 daAuts
     D:3: 628 daAuts
    D:10: 274 daAuts
  Temple: 77 daAuts
